 Dungeon Crawl Stone Soup version 0.14-a0-1444-g21dc12d (webtiles) character file.

11706 4tharraofdagon the Carver (level 11, -3/78 (94) HPs)
             Began as a Demigod Gladiator on Dec 13, 2013.
             Slain by a sixfirhy (9 damage)
             ... summoned by the player character
             ... on Level 11 of the Dungeon.
             The game lasted 01:01:17 (7607 turns).

4tharraofdagon the Carver (Demigod Gladiator)       Turns: 7607, Time: 01:01:17

HP  -3/78 (94)   AC 20     Str 24      XL: 11   Next: 22%
MP  23/23        EV 11     Int 10      God:
Gold 543         SH  9     Dex 21      Spells:  0 memorised, 10 levels left

rFire  . . .     SeeInvis .     K - +2 rod of demonology (3/9)
rCold  . . .     Clarity  +     I - +4 scale mail {MR+}
rNeg   . . .     Conserve .     w - +0 buckler
rPois  +         rCorr    .     c - +0 helmet
rElec  .         rRot     .     y - +0 cloak
SustAb . .       Spirit   .     p - +1 pair of gloves of the Ward {Str+1 Dex+3 Int-3}
rMut   .         Warding  .     H - +2 pair of boots
Saprov . . .     Stasis   .     P - amulet of clarity
                                E - ring "Ygal" {rPois Acc+5}
                                r - +3 ring of evasion

@: quite resistant to hostile enchantments, very unstealthy
A: hooves 1, camouflage 1
a: no special abilities


You were on level 11 of the Dungeon.
You were hungry.

You visited 1 branch of the dungeon, and saw 14 of its levels.
You also visited: Labyrinth.

You collected 543 gold pieces.

Inventory:

Hand weapons
 G - a +2,+1 long sword
Missiles
 C - a throwing net [torn] (quivered)
Armour
 a - a +1 orcish chain mail of fire resistance
 c - a +0 helmet (worn)
 p - the +1 pair of gloves of the Ward (worn) {Str+1 Dex+3 Int-3}
   (You found it on level 5 of the Dungeon)

   It affects your strength (+1).
   It affects your intelligence (-3).
   It affects your dexterity (+3).
 w - a +0 buckler (worn)
 y - a +0 cloak (worn)
 H - a +2 pair of boots (worn)
 I - a +4 scale mail of magic resistance (worn)
Magical devices
 b - a wand of fire (0)
 e - a wand of confusion (6)
 i - a wand of lightning (0)
 j - a wand of polymorph (0)
 D - a wand of fireball (0)
 Y - a wand of fireball (0)
Comestibles
 d - a rotting chunk of giant frog flesh
 f - 9 bread rations
 x - 7 meat rations
 z - a royal jelly
Scrolls
 g - 5 scrolls of remove curse
 k - a scroll of random uselessness {unknown}
 l - a scroll of amnesia
 m - a scroll of fog
 n - 2 scrolls of magic mapping
 o - a scroll of blinking {unknown}
 q - a scroll of enchant armour
 t - a scroll of fear
 v - 6 scrolls of immolation {unknown}
 F - 2 scrolls of curse armour {unknown}
 N - a scroll of enchant weapon I
 O - 2 scrolls of enchant weapon II {unknown}
 T - 2 scrolls of curse weapon {unknown}
 W - a scroll of curse jewellery {unknown}
Jewellery
 r - a +3 ring of evasion (left hand)
 B - an uncursed ring of magical power
 E - the ring "Ygal" (right hand) {rPois Acc+5}
   (You took it off a minotaur on level 13 of the Dungeon)

   [ring of poison resistance]

   It affects your accuracy (+5).
 M - an uncursed amulet of faith
 P - an amulet of clarity (around neck)
 R - an uncursed amulet of resist corrosion
 U - an uncursed ring of protection from fire
 X - an uncursed ring of protection from fire
Potions
 h - 4 potions of restore abilities
 s - a potion of confusion
 u - a potion of curing
 L - 2 potions of brilliance
 Q - a potion of lignification {unknown}
 V - a potion of heal wounds
Books
 A - a book of Summonings

   Spells                             Type                      Level
   Abjuration                         Summoning                    3
   Recall                             Summoning/Translocation      3
   Summon Elemental                   Summoning                    4
   Shadow Creatures                   Summoning                    5
   Summon Demon                       Summoning                    5
   Summon Ugly Thing                  Summoning                    6
 S - a book of Alchemy

   Spells                             Type                      Level
   Lethal Infusion                    Charms/Necromancy            2
   Sublimation of Blood               Necromancy                   2
   Condensation Shield                Ice                          4
   Alistair's Intoxication            Transmutation/Poison         4
   Petrify                            Transmutation/Earth          4
   Ignite Poison                      Fire/Transmutation           5
Miscellaneous
 J - a lamp of fire (inert)
Rods
 K - a +2 rod of demonology (3/9) (weapon)
   (You took it off a minotaur on level 13 of the Dungeon)


   Skills:
 + Level 8.3 Fighting
 * Level 11.4 Long Blades
 - Level 1.7 Throwing
 + Level 7.9 Armour
 - Level 2.6 Dodging
 + Level 5.7 Evocations


You had 10 spell levels left.
You didn't know any spells.

Dungeon Overview and Level Annotations

Branches:
Dungeon (14/16)
 Temple: D:4-7          Orc: D:9-12        Lair: D:8-11      Vaults: D:14-15

Annotations:
D:3 Ijyb; Sigmund
D:4 July's ghost, average SpEn; Pikel
D:5 Crazy Yiuf
D:8 Daniel's ghost, experienced MfGl
D:9 Aargh's ghost, experienced TeGl
D:10 STEVEN GING


Innate Abilities, Weirdness & Mutations

You have large cloven feet.
Your skin changes colour to match your surroundings (Stlth).


Message History

Gang up on whom?
Press: ? - help, Dir - move target cursor, f - shadow
Aim: a shadow Attack!
Your smoke demon disappears in a puff of smoke!
The shadow slips into darkness!
Deactivating autopickup; reactivate with Ctrl-A.
Unknown command.
Wield which item (- for none, * to show all)? (? for menu, Esc to quit)
K - a +2 rod of demonology (8/9) (weapon)
Evoke which spell from the rod ([a-c] spell [?*] list)?
You open a gate to Pandemonium!
A demon appears!
It doesn't seem very happy.
The shadow strikes at you from the darkness!
* * * LOW HITPOINT WARNING * * *
Reactivating autopickup.
Unknown command.
The sixfirhy barely misses you. The sixfirhy hits you!
* * * LOW HITPOINT WARNING * * *
The sixfirhy shocks you!
You die...

#.##..# #.......###. #.. # #
#)##.## #####...##.##.# . #
.##.#...########...##.#.##
.#.. #.#..#
#(.)(.)..(.#..#...###y. #...§#
#.####.#...#..#.)#p#.###
#.#.§###.#
#(..(.#.##.#3y.##.## .##.#§..#
###.p.##.##..u##...#
.<..##.#### #..#.#.#####(.#
######....## #.@##.#..#..###
#.###.# ##.4###.##.)(#######
#.# #.# #...# ##.####))..... #
###.###.###..######....)......
#
#............##......[....)...
#
#.########....................
####.## #..#>..#.........###.
#..... #.............##<# .
##.....######..#####.###.###.#


You could see a sixfirhy and a shadow.

Vanquished Creatures
  A minotaur (D:13)
  Josephine (D:12)
  The ghost of July the Unseen, a powerful SpEn of Ashenzari (Lab)
  An unseen horror (D:13)
  Joseph (D:12)
  A troll (D:11)
  3 slime creatures (D:13)
  A two-headed ogre (D:12)
  A fire dragon skeleton (D:13)
  A trapdoor spider (D:11)
  A shadow (D:13)
  A wyvern (D:12)
  A wraith (D:10)
  A hill giant zombie (D:13)
  Eustachio (D:7)
  A hungry ghost (Lab)
  A hog (shapeshifter) (D:14)
  6 yaks
  4 necrophages (D:9)
  A manticore (D:8)
  An orc warrior (D:11)
  3 ice beasts
  3 sky beasts
  An ogre (D:9)
  A yellow wasp (D:7)
  7 centaurs
  5 giant frogs
  2 crocodiles
  2 big kobolds
  2 rotting devils (D:9)
  A water moccasin (D:13)
  A wyvern zombie (D:7)
  A cyclops skeleton (D:12)
  A yak zombie (D:12)
  3 killer bees (D:7)
  A troll skeleton (D:12)
  10 wights (D:7)
  7 crimson imps
  A centaur zombie (D:12)
  Dowan (D:7)
  3 quasits
  An iguana (D:12)
  4 hounds
  A basilisk zombie (D:10)
  4 scorpions
  A jelly (D:12)
  5 worker ants
  5 orc wizards (D:10)
  A big kobold zombie (D:12)
  An ogre skeleton (D:7)
  A worker ant zombie (D:9)
  6 adders
  A sky beast simulacrum (D:12)
  3 giant centipedes
  2 green rats (D:9)
  2 worms
  3 giant eyeballs
  4 giant geckos
  2 oozes
  17 orcs
  16 bats
  9 hobgoblins
  6 jackals
  21 kobolds
  3 quokkas
  4 giant cockroaches
  5 giant newts
  10 goblins
  A quokka skeleton (D:7)
  10 rats
  A plant (D:9)
237 creatures vanquished.

Vanquished Creatures (collateral kills)
  A hill giant (D:11)
  An orc warrior (D:11)
  A giant frog (D:11)
  2 jellies
  A killer bee zombie (D:11)
  2 orcs (D:11)
8 creatures vanquished.

Vanquished Creatures (others)
  A rotting devil (D:12)
  2 fungi (D:9)
  8 plants (D:9)
11 creatures vanquished.

Grand Total: 256 creatures vanquished

Notes
Turn   | Place    | Note
--------------------------------------------------------------
     0 | D:1      | 4tharraofdagon, the Demigod Gladiator, began the quest for the Orb.
     0 | D:1      | Reached XP level 1. HP: 17/17 MP: 2/2
     0 | D:1      | timbw: lajatang, silence, haste tornado hybrid
    31 | D:1      | 4tharraofdagon: sounds like extreme
    71 | D:1      | timbw: it is the fastest win though
    89 | D:1      | timbw: with 15
   135 | D:1      | hurdos: 15 what?
   188 | D:1      | timbw: guess
   218 | D:1      | Reached XP level 2. HP: 14/24 MP: 3/3
   234 | D:1      | timbw: runes ofc what else would we be talking about
   264 | D:1      | hurdos: turn count
   286 | D:2      | hurdos: :)
   317 | D:2      | Reached skill level 1 in Armour
   322 | D:2      | Reached skill level 3 in Long Blades
   367 | D:2      | timbw: 4tharra i think you should go staff next time
   393 | D:2      | timbw: its op for hybrid
   512 | D:2      | timbw: and you start with quaterstaff
   518 | D:2      | timbw: which rocks
   604 | D:3      | Reached XP level 3. HP: 10/30 MP: 5/5
   696 | D:3      | Reached XP level 4. HP: 19/37 MP: 7/7
   719 | D:3      | Noticed Sigmund
   733 | D:3      | Noticed Ijyb
   818 | D:5      | Entered Level 5 of the Dungeon
   833 | D:5      | Noticed an ogre
   862 | D:4      | Noticed a slave
   862 | D:4      | Noticed a slave
   862 | D:4      | Noticed a slave
   862 | D:4      | Noticed Pikel
   862 | D:4      | Noticed a slave
   894 | D:4      | Noticed July's ghost (average SpEn)
   908 | D:5      | Noticed Crazy Yiuf
   934 | D:5      | Got a pair of encrusted gloves
   979 | D:4      | Found a radiant altar of Vehumet.
  1011 | D:4      | Reached skill level 4 in Long Blades
  1011 | D:4      | Reached XP level 5. HP: 14/45 MP: 8/8
  1031 | D:4      | Identified the cursed +1 pair of gloves of the Ward {Str+1 Dex+3 Int-3} (You found it on level 5 of the Dungeon)
  1675 | D:6      | Reached XP level 6. HP: 36/51 MP: 10/10
  1789 | D:6      | hurdos: demigod?
  1801 | D:6      | Found a shattered altar of Ashenzari.
  1854 | D:6      | Reached skill level 5 in Long Blades
  1919 | D:6      | 4tharraofdagon: ye
  1966 | D:5      | hurdos: :)
  2049 | D:7      | 4tharraofdagon: where are wight packs when you need them
  2056 | D:7      | good timing
  2057 | D:7      | giev me dat sword ok
  2058 | D:7      | Gained mutation: You digest meat inefficiently. [potion of mutation]
  2058 | D:7      | Gained mutation: You have a fast metabolism. [potion of mutation]
  2058 | D:7      | Gained mutation: You have large cloven feet. [potion of mutation]
  2079 | D:7      | Reached XP level 7. HP: 49/58 MP: 12/12
  2091 | D:7      | :(
  2134 | D:7      | where are good weapons when you need them
  2178 | D:7      | Reached skill level 6 in Long Blades
  2194 | D:7      | Found a bloodstained altar of Trog.
  2194 | D:7      | Noticed Eustachio
  2208 | D:7      | Killed Eustachio
  2369 | D:7      | Reached XP level 8. HP: 62/67 MP: 13/13
  2395 | D:7      | Reached skill level 7 in Long Blades
  2411 | D:7      | Reached skill level 5 in Fighting
  2475 | D:7      | Noticed Dowan
  2510 | D:8      | Noticed Daniel's ghost (experienced MfGl)
  2520 | D:7      | Daniel: oh hai
  2543 | D:7      | timbw: hi
  2544 | D:7      | Daniel: it has a flaming trident
  2546 | D:7      | Tolias: heyo
  2549 | D:7      | Killed Dowan
  2647 | D:7      | Gained mutation: You are agile. (Dex +2) [potion of mutation]
  2647 | D:7      | Gained mutation: Your skin changes colour to match your surroundings (Stlth). [potion of mutation]
  2687 | D:7      | Daniel: lol dat luck
  2731 | D:8      | Daniel: vegetarian and fast metabolsm
  2779 | D:9      | Reached skill level 5 in Armour
  2785 | D:9      | Paralysed by a giant eyeball for 4 turns
  2896 | D:8      | Found a sparkling altar of Nemelex Xobeh.
  2902 | D:8      | Paralysed by a giant eyeball for 4 turns
  3094 | D:9      | Reached skill level 8 in Long Blades
  3228 | D:9      | Noticed Aargh's ghost (experienced TeGl)
  3280 | D:8      | Paralysed by a giant eyeball for 3 turns
  3432 | D:9      | Lost mutation: You have a fast metabolism. [potion of mutation]
  3432 | D:9      | Lost mutation: You are agile. (Dex +2) [potion of mutation]
  3432 | D:9      | Lost mutation: You digest meat inefficiently. [potion of mutation]
  3488 | D:9      | Reached XP level 9. HP: 53/64 MP: 15/15
  3538 | D:9      | Noticed a troll
  3578 | D:10     | Entered Level 10 of the Dungeon
  3677 | D:10     | Reached skill level 9 in Long Blades
  3954 | D:10     | Tolias: do you guys have gog accounts
  4002 | D:10     | Tolias: you can get fallout+fallout2+fallout tactics free for the next 20 hours
  4125 | D:10     | Daniel: yeah i saw it
  4165 | D:10     | Daniel: i already have them on my steam acc tho
  4265 | D:11     | Tolias: I already have the fallout discs somewhere but I'm too lazy to find them :)
  4282 | D:11     | Daniel: actually me too
  4328 | D:11     | Daniel: i got them with a pc magazin years ago
  4451 | D:11     | Noticed a hill giant
  4502 | D:12     | Noticed a six-headed hydra
  4531 | D:12     | Noticed a hill giant
  4550 | D:12     | Reached skill level 10 in Long Blades
  4556 | D:12     | Reached XP level 10. HP: 44/70 MP: 17/17
  4833 | D:13     | Killed an unseen horror
  4850 | D:13     | Found a labyrinth entrance.
  4866 | D:13     | LETS DIE
  4867 | Lab      | Entered a labyrinth
  5224 | Lab      | Noticed a minotaur
  5226 | Lab      | 4tharraofdagon: polymorh self or him:D
  5230 | Lab      | Noticed a sun demon
  5230 | Lab      | timbw: i dont know what he'll turn into
  5230 | Lab      | Tolias: oh shit
  5230 | Lab      | timbw: ...
  5233 | Lab      | timbw: what bullshit
  5278 | Lab      | Tolias: you can't wait it out either, the rod will recharge
  5367 | Lab      | timbw: monsters rods doesnt use charges
  5377 | Lab      | timbw: its infinite
  5561 | Lab      | hurdos: what happend?
  5562 | Lab      | Tolias: wat, so he would keep summoning to infinity?
  5581 | Lab      | Noticed a sixfirhy
  5581 | Lab      | 4tharraofdagon: im so ded
  5581 | Lab      | hurdos: yep
  5581 | Lab      | hurdos: so die
  5585 | Lab      | Tolias: he's even wearing an randart rinhg
  5586 | Lab      | Noticed a soul eater
  5590 | Lab      | Tolias: ring*
  5845 | Lab      | timbw: he could turn into dire elephant
  6027 | Lab      | Noticed July's ghost (powerful SpEn)
  6029 | Lab      | Tolias: haha
  6146 | Lab      | Killed July's ghost
  6146 | Lab      | Reached skill level 1 in Evocations
  6164 | Lab      | hurdos: hm ....
  6252 | Lab      | timbw: donald next
  6289 | Lab      | 4tharraofdagon: also im totally lost
  6320 | Lab      | tabstorm: uh
  6341 | Lab      | timbw: you can only tele so many times in lab before you lose your mind
  6354 | Lab      | tabstorm: wouldn the green things be near the end
  6360 | Lab      | tabstorm: there
  6492 | Lab      | 4tharraofdagon: no
  6493 | Lab      | tabstorm: oh
  6555 | Lab      | tabstorm: dang oyu must have one of those spawns where youre on the wrong side
  6777 | Lab      | 4tharraofdagon: i must turn to tree or fungus
  6777 | Lab      | 4tharraofdagon: and he must make one more step
  6777 | Lab      | Torious: why
  6777 | Lab      | 4tharraofdagon: or just transform him
  6777 | Lab      | timbw: i think
  6777 | Lab      | timbw: on him
  6777 | Lab      | timbw: so he drops the fucking rod
  6777 | Lab      | 4tharraofdagon: im pretty sure hell resist this
  6777 | Lab      | timbw: like 1/5 to succeed
  6777 | Lab      | 4tharraofdagon: i can try fear first
  6777 | Lab      | Torious: cant u take him as is?
  6777 | Lab      | 4tharraofdagon: and polymorhing him
  6777 | Lab      | 4tharraofdagon: think its best idea
  6783 | Lab      | Noticed an ice devil
  6783 | Lab      | timbw: that works
  6787 | D:13     | timbw: better be wand of hasting, wand ofheal wounds and disint
  6787 | D:13     | timbw: for all that trouble
  6845 | D:13     | Noticed a sun demon
  6847 | D:13     | :(
  6866 | D:13     | Killed a minotaur
  6872 | D:13     | Got an ancient steel ring
  6874 | D:13     | Identified the ring "Ygal" {rPois Acc+5} (You took it off a minotaur on level 13 of the Dungeon)
  6952 | D:13     | Identified a +2 rod of demonology (9/9) (You took it off a minotaur on level 13 of the Dungeon)
  7267 | D:12     | Reached skill level 11 in Long Blades
  7299 | D:12     | Noticed Josephine
  7305 | D:12     | Noticed Joseph
  7310 | D:12     | Killed Josephine
  7310 | D:12     | Reached skill level 5 in Evocations
  7310 | D:12     | Reached XP level 11. HP: 37/78 MP: 23/23
  7366 | D:12     | Killed Joseph
  7477 | D:11     | Noticed a hill giant
  7487 | D:11     | Killed a hill giant
  7607 | D:11     | Slain by a sixfirhy

Action                   |  1- 3 |  4- 6 |  7- 9 | 10-12 || total
-------------------------+-------+-------+-------+-------++-------
Melee: Falchion          |   104 |    20 |       |       ||   124
       Long sword        |       |   218 |   414 |   227 ||   859
       Unarmed           |       |    11 |       |    20 ||    31
Throw: Throwing net      |       |     6 |     2 |       ||     8
       Dart              |       |     1 |       |       ||     1
 Abil: Blink             |       |     1 |       |     3 ||     4
Evoke: Wand              |     1 |     6 |       |    35 ||    42
       Rod               |       |       |       |     5 ||     5
       lamp of fire      |       |       |       |     1 ||     1
  Use: Scroll            |     5 |     5 |     5 |    11 ||    26
       Potion            |     1 |     6 |     7 |     5 ||    19
